Map: Dusk Towers

Players

Dunmer - Winner!

  • Race: Terran Terran
  • League: Master

MorN

  • Race: Terran Terran
  • League: Master

VOD

Have the link to the VOD?

Description

Time

  • Played on: Nov. 22, 2015, 10:08 p.m.
  • Length: 6:50
Show
View Real Time Build Order
Export as new Build Order

Dunmer Terran - Winner!

Build Orders: 1/1/1 

Get SALT Encoding   

  12  0:01  SCV  
  13  0:13  SCV  
  14  0:18  Supply Depot  
  14  0:25  SCV  
  14  0:28  Refinery  
  15  0:39  SCV  
  16  0:51  Barracks  
  16  0:52  SCV  
  17  1:04  SCV  
  18  1:16  SCV  
  19  1:38  Marine, Orbital Command  
  20  1:40  Factory  
  20  1:42  Refinery  
  20  1:45  Supply Depot  
  20  1:56  Marine  
  21  2:05  SCV  
  22  2:14  Marine  
  23  2:20  SCV  
  24  2:24  Factory Tech Lab  
  24  2:27  Starport  
  24  2:32  SCV, Marine  
  24  2:34  Supply Depot  
  26  2:44  SCV  
  26  2:45  Siege Tank  
  26  2:50  Marine  
  31  2:56  SCV  
  31  2:57  Supply Depot  
  32  3:04  Viking  
  34  3:07  Marine  
  33  3:17  Siege Tank  
  36  3:24  SCV  
  36  3:25  Marine  
  38  3:31  Supply Depot  
  38  3:34  Viking  
  38  3:43  Marine  
  39  3:54  Siege Tank  
  42  3:58  SCV  
  42  3:59  Supply Depot  
  42  4:01  Marine  
  44  4:07  Viking  
  46  4:11  SCV  
  47  4:19  Marine  
  48  4:28  Siege Tank  
  51  4:33  SCV  
  51  4:34  Supply Depot  
  51  4:37  Marine  
  53  4:40  Engineering Bay  
  53  4:54  Marine  
  54  5:00  Siege Tank  
  54  5:04  SCV  
  57  5:18  Viking  
  57  5:19  Marine  
  57  5:20  Command Center, Missile Turret  
  60  5:25  Missile Turret  
  60  5:32  Siege Tank  
  63  5:38  Supply Depot  
  63  5:39  Marine  
  63  5:42  SCV  
  65  5:48  Viking  
  67  5:55  SCV  
  68  5:57  Marine  
  69  6:19  Marine  
  75  6:31  SCV  
  76  6:34  Command Center  
  76  6:36  Supply Depot  
Show
View Real Time Build Order
Export as new Build Order

MorN Terran 

Build Orders:  

Get SALT Encoding   

  12  0:00  SCV  
  13  0:13  SCV  
  14  0:17  Supply Depot  
  14  0:25  SCV  
  14  0:28  Refinery  
  15  0:41  Barracks  
  15  0:45  SCV  
  16  0:51  Refinery  
  16  0:57  SCV  
  17  1:09  SCV  
  19  1:28  Reaper  
  19  1:29  Orbital Command  
  19  1:37  Factory  
  19  1:53  Supply Depot  
  19  2:01  Reaper  
  19  2:05  SCV  
  20  2:17  SCV  
  20  2:21  Hellion  
  23  2:31  Starport  
  23  2:34  Reaper  
  23  2:37  SCV  
  25  2:42  Armory  
  25  2:49  Hellion  
  27  2:53  SCV  
  28  3:02  Supply Depot  
  26  3:16  Medivac  
  26  3:17  Reaper  
  26  3:18  Hellion  
  31  3:23  SCV  
  31  3:26  Supply Depot  
  32  3:35  SCV  
  32  3:39  Hellion  
  33  3:46  Viking  
  33  3:47  SCV  
  36  3:50  Barracks Tech Lab  
  36  4:00  Factory Reactor  
  36  4:15  Command Center  
  36  4:19  SCV  
  37  4:31  SCV  
  38  4:42  Barracks Tech Lab  
  38  4:43  SCV  
  39  4:47  Command Center  
  39  5:01  SCV  
  39  5:03  Raven  
  41  5:14  Hellion x2  
  41  5:15  SCV  
  43  5:24  Marauder  
  43  5:27  Orbital Command  
  45  5:28  SCV  
  46  5:37  Hellion  
  46  5:40  Hellion  
  50  5:44  SCV  
  50  5:49  Banshee  
  54  5:55  Marauder  
  54  5:57  SCV  
  57  6:01  Orbital Command  
  57  6:03  SCV  
  56  6:15  Factory Reactor  
  56  6:19  Marine  
  56  6:21  Barracks  
  56  6:23  SCV  
  58  6:27  Supply Depot  
  58  6:28  Supply Depot  
  58  6:30  Engineering Bay  
Tags
 
Matchup
TvT
Opening
1/1/1
Race
Terran
Replay Pack
MorN pack 2
Add a new tag
Caveats
  • Supply blocks, unpowered buildings, or Contaminate may cause inaccurate times.
  • Supply counts are checked every 10 seconds.